 Dungeon Crawl Stone Soup version 0.29-a0-330-g52719c12eb (webtiles) character file.

Game seed: 9138462644611473729

1543 Ajdolov the Spear-Bearer (level 8, -2/52 HPs)
             Began as a Barachi Ice Elementalist on Apr 23, 2022.
             Slain by a sky beast (4 damage)
             ... on level 6 of the Dungeon.
             The game lasted 00:08:48 (5820 turns).

Ajdolov the Spear-Bearer (Barachi Ice Elementalist) Turns: 5820, Time: 00:08:48

Health: -2/52      AC: 12    Str:  8 (10) XL:     8   Next: 87%
Magic:  6/11       EV: 12    Int: 17 (18) God:
Gold:   224        SH:  0    Dex: 14 (15) Spells: 4/11 levels left

rFire   . . .      SeeInvis .   s - +0 trident
rCold   + . .      Faith    .   (no shield)
rNeg    . . .      Spirit   .   a - +0 robe
rPois   .          Reflect  .   x - +2 helmet of Death's Door {rC+ Dex+3}
rElec   .          Harm     .   (no cloak)
rCorr   .          Rampage  .   (no gloves)
Will    .....                   (no boots)
Stlth   ++........              g - amulet of regeneration
HPRegen 0.97/turn               (no ring)
MPRegen 0.12/turn               (no ring)

@: ice-armoured (expiring), studying Short Blades, slow
A: amphibious, slowness 1, strong legs 1, +LOS
a: Hop


You were on level 6 of the Dungeon.
You visited 2 branches of the dungeon, and saw 7 of its levels.

You collected 224 gold pieces.

Inventory:

Hand Weapons
 s - a +0 trident (weapon)
Missiles
 o - 5 curare-tipped darts
Armour
 a - a +0 robe (worn)
 n - the +2 ring mail of Loserrad {Fly}
   (You took it off an orc on level 3 of the Dungeon)

   Fly:       It grants you flight.
 x - the +2 helmet of Death's Door (worn) {rC+ Dex+3}
   (You found it on level 7 of the Dungeon)

   Dex:       It affects your dexterity (+3).
   rC:        It protects you from cold.
Jewellery
 g - an amulet of regeneration (around neck)
 t - a ring of flight
Wands
 q - a wand of flame (20)
 v - a wand of polymorph (5)
Scrolls
 h - a scroll of summoning {unknown}
 i - a scroll of silence {unknown}
 j - a scroll of teleportation {unknown}
 l - 3 scrolls of identify {unknown}
 m - a scroll of torment {unknown}
 r - a scroll of vulnerability {unknown}
 u - a scroll of immolation {unknown}
Potions
 b - 2 potions of magic
 c - 2 potions of cancellation {unknown}
 d - a potion of ambrosia {unknown}
 f - 2 potions of might
 k - a potion of experience {unknown}
 p - a potion of degeneration
 w - 2 potions of flight {unknown}


   Skills:
 * Level 9.2 Polearms
 - Level 2.4 Dodging
 - Level 2.0 Stealth
 - Level 2.3 Spellcasting
 - Level 8.0 Ice Magic


You had 4 spell levels left.
You knew the following spells:

 Your Spells              Type           Power      Damage    Failure   Level
a - Freeze                Ice            100%       1d11      1%          1
b - Frozen Ramparts       Ice            58%        1d7       1%          3
c - Ozocubu's Armour      Ice            29%        N/A       1%          3

Your spell library contained the following spells:

 Spells                   Type           Power      Damage    Failure   Level
 Hailstorm                Conj/Ice       15%        3d5       34%         4
 Ozocubu's Refrigeration  Ice            14%        4d7       99%         7


Dungeon Overview and Level Annotations

Branches:
Dungeon (7/15)             Temple (1/1) D:4

Altars:
Ashenzari
Elyvilon
Hepliaklqana
Nemelex Xobeh
Okawaru
Qazlal
Sif Muna
Trog
Xom
Yredelemnul
Zin
The Shining One

Shops:
D:4 *


Innate Abilities, Weirdness & Mutations

You are amphibious.
You cover ground slowly.
You can hop short distances.
You have an extended range of vision and can be seen from far away.


Message History

The steam dragon barely misses you. The heat melts your icy armour.
You closely miss the steam dragon.
The steam dragon is almost dead.
Unknown command.
You hit the steam dragon.
The steam dragon is almost dead.
The wall freezes the sky beast!
The sky beast hits you.
* * * LOW HITPOINT WARNING * * *
The sky beast shocks you.
* * * LOW HITPOINT WARNING * * *
The wall freezes the steam dragon!
You kill the steam dragon!
Your Polearms skill increases to level 9!
You barely miss the sky beast.
The sky beast is moderately wounded.
Your icy armour starts to melt.
The frozen ramparts melt away.
The sky beast barely misses you.
Unknown command.
Casting: Ozocubu's Armour (safe; 1% risk of failure)
Confirm with . or Enter, or press ? or * to list all spells.
You don't know that spell.
Your icy armour will break if you move.
Continue?
Okay, then.
Throw: 6 darts (curare)
Press: ? - help, Shift-Dir - straight line, f - ogre
Aim: an ogre, wielding a +0 giant club (73% to hit)
You throw a curare-tipped dart. The curare-tipped dart hits the ogre.
The ogre is poisoned.
The ogre convulses.
The ogre seems to slow down.
The ogre is heavily wounded.
The sky beast hits you.
* * * LOW HITPOINT WARNING * * *
The sky beast shocks you.
* * * LOW HITPOINT WARNING * * *
It was a potion of degeneration.
There was something very wrong with that liquid.
You feel weakened.
You feel dopey.
You feel clumsy. The sky beast hits you.
You die...

## ### ####.##..#
#.........
#........###
#.........##
#.........@####
##.........Y..##
#..............#
##............##
#.....O>>..##..#
#.....(#.#......#
....#..####...#.#
### #. ....### .
...Y..


You could see a sky beast and an ogre (very poisoned, slow).

Vanquished Creatures
  Pikel (D:4)
  2 steam dragons
  An orc warrior (D:7)
  An ogre (D:4)
  3 lemures (D:4)
  2 scorpions
  2 bullfrog zombies (D:7)
  A centaur zombie (D:7)
  A hound (D:7)
  A jelly (D:4)
  Jessica (D:3)
  Ijyb (D:3)
  Natasha (twice) (D:3)
  2 orc wizards
  4 gnolls (D:2)
  A howler monkey zombie (D:7)
  8 adders
  3 worms (D:3)
  7 dart slugs
  13 orcs
  4 ball pythons
  2 endoplasms (D:1)
  4 giant cockroaches
  7 hobgoblins
  2 kobolds
  3 quokkas
  6 bats
  2 frilled lizards
  2 goblins (D:1)
  6 rats
95 creatures vanquished.

Vanquished Creatures (others)
  3 plants (D:2)
3 creatures vanquished.

Grand Total: 98 creatures vanquished

Notes
Turn   | Place    | Note
-------+----------+-------------------------------------------
     0 | D:1      | Ajdolov the Barachi Ice Elementalist began the quest for
                  | the Orb.
     0 | D:1      | Reached XP level 1. HP: 13/13 MP: 3/3
   395 | D:1      | Reached XP level 2. HP: 16/19 MP: 3/5
   454 | D:1      | Reached skill level 5 in Ice Magic
  1329 | D:1      | Reached XP level 3. HP: 24/24 MP: 3/6
  1399 | D:1      | Found a faded altar of an unknown god.
  1658 | D:2      | Learned a level 3 spell: Frozen Ramparts
  1818 | D:2      | Reached XP level 4. HP: 30/30 MP: 4/7
  2317 | D:2      | Learned a level 3 spell: Ozocubu's Armour
  2329 | D:2      | Reached XP level 5. HP: 17/35 MP: 1/8
  2964 | D:3      | Identified the +2 ring mail of Loserrad {Fly}
  2965 | D:3      | Noticed Jessica
  2971 | D:3      | Killed Jessica
  2972 | D:3      | Reached skill level 1 in Polearms
  3110 | D:3      | Noticed Natasha
  3117 | D:3      | Killed Natasha
  3390 | D:3      | Reached skill level 2 in Polearms
  3535 | D:3      | Noticed Natasha
  3544 | D:3      | Killed Natasha
  3545 | D:3      | Reached XP level 6. HP: 33/41 MP: 5/9
  3805 | D:3      | Noticed Ijyb
  3816 | D:3      | Killed Ijyb
  4249 | D:4      | Noticed Pikel
  4330 | D:4      | Reached skill level 3 in Polearms
  4493 | D:4      | Found a staircase to the Ecumenical Temple.
  4509 | Temple   | Entered the Ecumenical Temple
  4590 | D:4      | HP: 1/41 [ogre/+0 giant spiked club (16)]
  4593 | D:4      | Reached skill level 4 in Polearms
  4593 | D:4      | Reached XP level 7. HP: 7/46 MP: 3/10
  5122 | D:4      | Killed Pikel
  5123 | D:4      | Reached skill level 7 in Polearms
  5123 | D:4      | Reached XP level 8. HP: 41/52 MP: 2/11
  5197 | D:4      | Found Uphely's General Store.
  5364 | D:4      | You fall into a shaft and drop 3 floors!
  5447 | D:7      | Identified the +2 helmet of Death's Door {rC+ Dex+3}
  5496 | D:7      | Reached skill level 8 in Polearms
  5504 | D:7      | Found a bloodstained altar of Trog.
  5699 | D:7      | Found a basalt altar of Yredelemnul.
  5818 | D:6      | Reached skill level 9 in Polearms
  5819 | D:6      | HP: 1/52 [sky beast (5)]
  5820 | D:6      | Slain by a sky beast

Illustrated notes

Levels and vault maps discovered:
D:1:      lemuel_arrival_lava_pool, layout_loops_corners,
          shapermc_ecumenical_altar_petra
D:2:      wander_river, layout_basic, serial_bayou_lagoon_b
D:3:      layout_basic, grunt_ministairs_14, uniq_natasha, uniq_ijyb,
          uniq_jessica
D:4:      layout_cave_pools, temple_statues, serial_shops,
          nicolae_take_the_stairs, hex_tiny, corexii_leaking_fountain,
          uniq_pikel
D:6:      wad_pebble_path, layout_cave_pools, nicolae_wu_jian_glorious_leap,
          mainiacjoe_overflow_24_doors, lemuel_coloured_pillars_altar
D:7:      layout_rooms, nicolae_yredelemnul_corpse_copse, trog_book
Temple:   zaba_magenta_temple

Skill      XL: |  1  2  3  4  5  6  7  8 |
---------------+-------------------------+-----
Stealth        | 2 |  2.0
Ice Magic      | 5 6 7 8 |  8.0
Polearms       | 2 4 7 9 |  9.2
Dodging        | |  2.4
Spellcasting   | |  2.3

Action                   |  1- 3 |  4- 6 |  7- 9 || total
-------------------------+-------+-------+-------++-------
Melee: Unarmed           |     6 |     2 |     7 ||    15
       Halberd           |       |    55 |       ||    55
       Trident           |       |     4 |    84 ||    88
Throw: Dart              |       |       |     2 ||     2
 Cast: Freeze            |    39 |    17 |       ||    56
       Frozen Ramparts   |       |    21 |    14 ||    35
       Ozocubu's Armour  |       |     4 |     5 ||     9
 Abil: Hop               |     2 |       |       ||     2
  Use: Potion            |       |     1 |     3 ||     4
 Stab: Sleeping          |     2 |     1 |     1 ||     4
Armor: Robe              |     7 |    13 |    28 ||    48
       Skin              |       |       |     1 ||     1
Dodge: Dodged            |    24 |    45 |    49 ||   118

Table legend: (Time is in decaauts)
 A = Elapsed time spent in this place.
 B = Non-inter-level travel time spent in this place.
 C = Inter-level travel time spent in this place.
 D = Time resting spent in this place.
 E = Time spent auto-exploring this place.
 F = Levels seen in this place.
 G = Mean time per level.
                   A        B        C        D        E       F      G
               +--------+--------+--------+--------+--------+-----+--------+
         Total |   6402 |   6171 |    231 |    862 |   4272 |   7 |  914.6 |
       Dungeon |   6318 |   6107 |    211 |    862 |   4218 |   6 | 1053.0 |
        Temple |     83 |     63 |     20 |      0 |     54 |   1 |   83.0 |
               +--------+--------+--------+--------+--------+-----+--------+

Top non-repeatable levels by time:
     D:1: 1653 daAuts
     D:3: 1624 daAuts
     D:2: 1514 daAuts
     D:4: 1042 daAuts
     D:7: 447 daAuts
  Temple: 83 daAuts
     D:6: 36 daAuts
